[Event "Turkish Women-ch Arzum 2022"]
[Site "Ayvalik"]
[Date "2022.03.06"]
[Round "3.13"]
[White "Alev, Gonulden Seda"]
[Black "Hereklioglu, Sude"]
[Result "0-1"]
[ECO "B28"]
[WhiteElo "1561"]
[BlackElo "1924"]
[Annotator "ChessBase"]
[PlyCount "56"]
[EventDate "2022.03.04"]
[EventType "swiss"]
[EventCountry "TUR"]
[SourceTitle "playchess.com"]
[Source "ChessBase"]
[SourceQuality "1"]
[TimeControl "5400+30"]

1. e4 c5 2. Nf3 a6 3. d4 cxd4 4. Nxd4 Nf6 5. Nc3 e5 6. Nb3 Bb4 7. Bd3 d5 8. exd5 Nxd5 9. Bd2 Nxc3 10. bxc3 Bd6 11. O-O O-O 12. Be4 f5 13. Bd5+ Kh8 14. c4 Nc6 15. Bc3 Bd7 16. Qd2 Qe7 17. Rad1 Rad8 18. Na5 Be8 19. Rb1 Nxa5 20. Bxa5 Rd7 21. Rxb7 Rxb7 22. Bxb7 e4 23. Bxa6 f4 24. Bb6 f3 25. Bc8 fxg2 26. Rd1 Bxh2+ 27. Kxh2 Qh4+ 28. Kxg2 Bh5 0-1

[Event "Turkish Women-ch Arzum 2022"]
[Site "Ayvalik"]
[Date "2022.03.06"]
[Round "3.14"]
[White "Senkal, Defne"]
[Black "Onur, Cigdem"]
[Result "0-1"]
[ECO "B33"]
[WhiteElo "1247"]
[BlackElo "2012"]
[Annotator "ChessBase"]
[PlyCount "60"]
[EventDate "2022.03.04"]
[EventType "swiss"]
[EventCountry "TUR"]
[SourceTitle "playchess.com"]
[Source "ChessBase"]
[SourceQuality "1"]
[TimeControl "5400+30"]

1. e4 c5 2. Nf3 Nc6 3. d4 cxd4 4. Nxd4 Nf6 5. Nc3 e5 6. Nb3 Bb4 7. Bd3 d5 8. exd5 Nxd5 9. Bd2 Be6 10. O-O O-O 11. Ne2 f5 12. Bxb4 Ndxb4 13. Nc5 Qe7 14. Nxe6 Qxe6 15. Bb5 Rad8 16. Qc1 Nxa2 17. Qb1 Nab4 18. c3 a6 19. Ba4 Nd3 20. b4 Kh8 21. Rd1 e4 22. Bc2 Nce5 23. Qb3 Qh6 24. h3 f4 25. Nd4 f3 26. Qe6 Rf6 27. Qe7 Rg8 28. Bxd3 Rg6 29. Bf1 fxg2 30. Qxe5 Qxh3 0-1

[Event "Turkish Women-ch Arzum 2022"]
[Site "Ayvalik"]
[Date "2022.03.06"]
[Round "3.15"]
[White "Demirtas, Hafize"]
[Black "Bursali, Ela"]
[Result "1/2-1/2"]
[ECO "B31"]
[WhiteElo "1779"]
[BlackElo "1353"]
[Annotator "NA"]
[PlyCount "132"]
[EventDate "2022.03.04"]
[EventType "swiss"]
[EventCountry "TUR"]
[SourceTitle "playchess.com"]
[Source "ChessBase"]
[SourceQuality "1"]
[TimeControl "5400+30"]

1. e4 c5 2. Nf3 Nc6 3. Bb5 g6 4. Bxc6 dxc6 5. d3 Bg7 6. h3 Nf6 7. a4 a5 8. Na3 b6 9. Nc4 Ba6 10. Ne3 Nd7 11. Rb1 Nf6 12. b3 Nh5 13. Ng4 b5 14. e5 f6 15. exf6 exf6 16. O-O O-O 17. Nh6+ Bxh6 18. Bxh6 Re8 19. Re1 Qd5 20. Qd2 b4 21. Rxe8+ Rxe8 22. Re1 Rxe1+ 23. Qxe1 Kf7 24. Bc1 Ng7 25. Bb2 Nf5 26. Qa1 Qe6 27. Kf1 h5 28. Qc1 g5 29. Nxg5+ fxg5 30. Qxg5 h4 31. Qd8 Ne7 32. Qh8 Qg6 33. Kg1 Bxd3 34. cxd3 Qxd3 35. Qg7+ Ke8 36. Bf6 Qd1+ 37. Kh2 Qd6+ 38. Be5 Qe6 39. f4 Qxb3 40. Qh8+ Kd7 41. Qxh4 Qe6 42. Qf2 Qd5 43. Qc2 c4 44. h4 Qd3 45. Qf2 c3 46. Qa7+ Ke6 47. Qc5 Qd5 48. Qf2 Qd2 49. Qc5 Qd3 50. h5 c2 51. Bb2 Qe4 52. g3 Nf5 53. Kh3 Qh1+ 54. Kg4 Qd1+ 55. Kg5 Qd8+ 56. Kg4 Qg8+ 57. Kf3 Qxg3+ 58. Ke2 Qxf4 59. Qxc6+ Nd6 60. Qxc2 Qg4+ 61. Ke1 Qxh5 62. Qg2 Qh4+ 63. Kd1 Qh5+ 64. Kc1 Qc5+ 65. Kb1 Qf5+ 66. Kc1 Qc5+ 1/2-1/2

[Event "Turkish Women-ch Arzum 2022"]
[Site "Ayvalik"]
[Date "2022.03.06"]
[Round "3.16"]
[White "Sezer, Ipek"]
[Black "Akat, Elifnaz"]
[Result "0-1"]
[ECO "A45"]
[WhiteElo "1329"]
[BlackElo "1673"]
[Annotator "NA"]
[PlyCount "58"]
[EventDate "2022.03.04"]
[EventType "swiss"]
[EventCountry "TUR"]
[SourceTitle "playchess.com"]
[Source "ChessBase"]
[SourceQuality "1"]
[TimeControl "5400+30"]

1. d4 c5 2. d5 Nf6 3. Bg5 Qb6 4. Nc3 Qxb2 5. Bd2 Qb6 6. e4 d6 7. f4 Qd8 8. Nf3 a6 9. a4 g6 10. Bc4 Bg7 11. e5 dxe5 12. fxe5 Ng4 13. e6 fxe6 14. dxe6 O-O 15. O-O Nc6 16. Qe2 Nd4 17. Qd3 Qd6 18. g3 Nxf3+ 19. Rxf3 Rxf3 20. Qxd6 Bd4+ 21. Kg2 Rf2+ 22. Kh3 Rxh2+ 23. Kxg4 exd6 24. Kg5 Kg7 25. Rf1 Bxe6 26. Bxe6 Bf6+ 27. Kg4 h5+ 28. Kf3 Rf8 29. Ke4 Rxd2 0-1

[Event "Turkish Women-ch Arzum 2022"]
[Site "Ayvalik"]
[Date "2022.03.06"]
[Round "3.17"]
[White "Bese, Irem"]
[Black "Kalyoncu, Beren"]
[Result "1-0"]
[ECO "C67"]
[WhiteElo "1714"]
[BlackElo "1228"]
[Annotator "NA"]
[PlyCount "125"]
[EventDate "2022.03.04"]
[EventType "swiss"]
[EventCountry "TUR"]
[SourceTitle "playchess.com"]
[Source "ChessBase"]
[SourceQuality "1"]
[TimeControl "5400+30"]

1. e4 e5 2. Nf3 Nc6 3. Bb5 Nf6 4. O-O Nxe4 5. Re1 Nd6 6. Bxc6 dxc6 7. Nxe5 Be7 8. d4 Nf5 9. c3 O-O 10. Bf4 Be6 11. Qe2 Bg5 12. Bg3 Re8 13. Na3 Nxg3 14. hxg3 Qe7 15. Nc2 Rad8 16. f4 Bf6 17. g4 Bxe5 18. Qxe5 Qd6 19. f5 Qxe5 20. Rxe5 Bd7 21. Rae1 f6 22. Rxe8+ Rxe8 23. Rxe8+ Bxe8 24. Kf2 Kf7 25. Ke3 Ke7 26. Nb4 Bf7 27. b3 g6 28. Nd3 g5 29. c4 Kd6 30. Nc5 b6 31. Ne4+ Ke7 32. Kd3 h5 33. Nf2 b5 34. a4 bxc4+ 35. bxc4 a5 36. gxh5 Bxh5 37. g4 Be8 38. Ne4 Bd7 39. Nc5 Bc8 40. Nb3 Kd6 41. Nxa5 c5 42. d5 Ba6 43. Nc6 Bb7 44. a5 Kd7 45. a6 Ba8 46. Na5 Kc8 47. Nb3 Kd7 48. Nxc5+ Kd6 49. Nb7+ Kd7 50. c5 Kc8 51. c6 Kb8 52. Nc5 Ka7 53. Nd7 Kxa6 54. Nxf6 Kb6 55. Nd7+ Kb5 56. f6 Bxc6 57. dxc6 Kxc6 58. f7 Kxd7 59. f8=Q Kc6 60. Kc4 Kb7 61. Kc5 c6 62. Qe7+ Ka6 63. Qf7 1-0

[Event "Turkish Women-ch Arzum 2022"]
[Site "Ayvalik"]
[Date "2022.03.06"]
[Round "3.18"]
[White "Akin, Duru"]
[Black "Gonultas, Bakriya Anastasiya"]
[Result "1-0"]
[ECO "C44"]
[WhiteElo "1563"]
[BlackElo "1232"]
[Annotator "NA"]
[PlyCount "89"]
[EventDate "2022.03.04"]
[EventType "swiss"]
[EventCountry "TUR"]
[SourceTitle "playchess.com"]
[Source "ChessBase"]
[SourceQuality "1"]
[TimeControl "5400+30"]

1. e4 e5 2. Nf3 Nc6 3. d4 exd4 4. Bc4 Bc5 5. c3 dxc3 6. Bxf7+ Kf8 7. Bxg8 cxb2 8. Bxb2 Rxg8 9. O-O d6 10. Qd2 Qe7 11. Re1 Ne5 12. Bxe5 dxe5 13. Qb2 Bd6 14. Nbd2 Kf7 15. h4 h6 16. Nc4 Re8 17. Qb3 Kf8 18. Ne3 b6 19. Rad1 Be6 20. Qb2 Qf6 21. Nd5 Bxd5 22. exd5 Rad8 23. Re4 Re7 24. Rde1 Rde8 25. Nh2 Kg8 26. R1e3 Qf5 27. g4 Qf6 28. h5 Bc5 29. Rg3 Rf8 30. Rf3 Qh4 31. Rxf8+ Kxf8 32. Nf3 Qh3 33. Nxe5 Kg8 34. Qe2 Qh4 35. Qf3 Bd6 36. Ng6 Qh2+ 37. Kf1 Rxe4 38. Qxe4 Be5 39. Nxe5 Qh3+ 40. Kg1 Qc3 41. Ng6 Kh7 42. Ne7+ Kh8 43. Qe6 Qc1+ 44. Kg2 Qg5 45. Qg8# 1-0

[Event "Turkish Women-ch Arzum 2022"]
[Site "Ayvalik"]
[Date "2022.03.06"]
[Round "3.19"]
[White "Kayis, Gulcan Sena"]
[Black "Olmez, Sude"]
[Result "1-0"]
[ECO "C47"]
[WhiteElo "1597"]
[BlackElo "1170"]
[Annotator "NA"]
[PlyCount "55"]
[EventDate "2022.03.04"]
[EventType "swiss"]
[EventCountry "TUR"]
[SourceTitle "playchess.com"]
[Source "ChessBase"]
[SourceQuality "1"]
[TimeControl "5400+30"]

1. e4 e5 2. Nf3 Nc6 3. Nc3 Nf6 4. Be2 Bc5 5. Nxe5 Nxe5 6. d4 Bxd4 7. Qxd4 d6 8. O-O h6 9. f4 Nc6 10. Qf2 Bd7 11. Qg3 Rh7 12. e5 Bf5 13. exf6 Qxf6 14. Bd3 O-O-O 15. Re1 h5 16. Ne4 Qg6 17. Qg5 Kb8 18. Bd2 Rh6 19. Qxg6 Rxg6 20. Ng5 Bxd3 21. cxd3 Rf6 22. g3 Rf5 23. Bc3 f6 24. Ne6 Rg8 25. Nxg7 Rd5 26. Re3 a6 27. Ne8 Rf8 28. Nxf6 1-0

[Event "Turkish Women-ch Arzum 2022"]
[Site "Ayvalik"]
[Date "2022.03.06"]
[Round "3.20"]
[White "Kipik, Feyza"]
[Black "Oztatar, Meleknaz"]
[Result "1-0"]
[ECO "B01"]
[WhiteElo "1603"]
[BlackElo "1063"]
[Annotator "NA"]
[PlyCount "53"]
[EventDate "2022.03.04"]
[EventType "swiss"]
[EventCountry "TUR"]
[SourceTitle "playchess.com"]
[Source "ChessBase"]
[SourceQuality "1"]
[TimeControl "5400+30"]

1. e4 d5 2. exd5 Qxd5 3. Nc3 Qa5 4. d4 Nf6 5. Nf3 Bf5 6. Bc4 e6 7. Bd2 c6 8. Nd5 Qd8 9. Nxf6+ Qxf6 10. Qe2 Nd7 11. O-O-O b5 12. Bb3 a6 13. d5 cxd5 14. Bc3 Qh6+ 15. Kb1 Be7 16. Rhe1 O-O 17. Bxd5 Rac8 18. Nd4 Bf6 19. Nxf5 exf5 20. Bb4 Nc5 21. Qf3 Na4 22. Bxf8 Kxf8 23. Qxf5 Rc7 24. Bc6 Rxc6 25. Qd7 g6 26. Qe8+ Kg7 27. Rd7 1-0

[Event "Turkish Women-ch Arzum 2022"]
[Site "Ayvalik"]
[Date "2022.03.06"]
[Round "3.21"]
[White "Yalcin, Fahriye Zeynep"]
[Black "Alagoz, Zumra Meryem"]
[Result "0-1"]
[ECO "B08"]
[WhiteElo "1260"]
[BlackElo "1573"]
[Annotator "NA"]
[PlyCount "78"]
[EventDate "2022.03.04"]
[EventType "swiss"]
[EventCountry "TUR"]
[SourceTitle "playchess.com"]
[Source "ChessBase"]
[SourceQuality "1"]
[TimeControl "5400+30"]

1. e4 g6 2. d4 Bg7 3. Nc3 d6 4. Be2 Nf6 5. Nf3 a6 6. a4 b6 7. O-O O-O 8. e5 Nfd7 9. Bf4 Nc6 10. exd6 cxd6 11. Qd2 Bb7 12. Bh6 Nf6 13. Bxg7 Kxg7 14. Rfe1 Qc7 15. Rac1 e5 16. dxe5 dxe5 17. Qg5 Rad8 18. Nh4 Nd4 19. Bd3 Rfe8 20. Ne4 Nxe4 21. Bxe4 Bxe4 22. Rxe4 h6 23. Qg3 Qc6 24. f3 Qxe4 25. fxe4 Ne2+ 26. Kf1 Nxg3+ 27. hxg3 Rd4 28. b3 Red8 29. Nf3 Rxe4 30. Kf2 g5 31. c3 g4 32. Nh4 Kf6 33. Kg1 Ke6 34. Rf1 Re2 35. Nf5 Rdd2 36. Ng7+ Ke7 37. Rb1 Rxg2+ 38. Kf1 Rdf2+ 39. Ke1 Kf8 0-1

[Event "Turkish Women-ch Arzum 2022"]
[Site "Ayvalik"]
[Date "2022.03.06"]
[Round "3.22"]
[White "Salt, Ilayda"]
[Black "Mullakutukcu, Ela"]
[Result "1-0"]
[ECO "B22"]
[WhiteElo "1594"]
[BlackElo "1154"]
[Annotator "NA"]
[PlyCount "53"]
[EventDate "2022.03.04"]
[EventType "swiss"]
[EventCountry "TUR"]
[SourceTitle "playchess.com"]
[Source "ChessBase"]
[SourceQuality "1"]
[TimeControl "5400+30"]

1. d4 c5 2. c3 e6 3. e4 Be7 4. Nf3 Nf6 5. Bd3 O-O 6. Qc2 h6 7. O-O Nc6 8. a3 a5 9. Be3 b6 10. Nbd2 Bb7 11. c4 cxd4 12. Nxd4 Nxd4 13. Bxd4 Rc8 14. Nf3 d5 15. exd5 exd5 16. Rad1 Ba6 17. Rfe1 Re8 18. Ne5 Qc7 19. Bf5 Rcd8 20. Nxf7 Kxf7 21. Be6+ Kf8 22. Qg6 Bd6 23. Bxf6 Rb8 24. Bxd5 Bb7 25. Bxg7+ Qxg7 26. Qf5+ Qf7 27. Qxf7# 1-0

[Event "Turkish Women-ch Arzum 2022"]
[Site "Ayvalik"]
[Date "2022.03.06"]
[Round "3.23"]
[White "Bassari, Senem Gul"]
[Black "Gulceken, Sumeyye"]
[Result "0-1"]
[ECO "C02"]
[WhiteElo "1197"]
[BlackElo "1591"]
[Annotator "NA"]
[PlyCount "62"]
[EventDate "2022.03.04"]
[EventType "swiss"]
[EventCountry "TUR"]
[SourceTitle "playchess.com"]
[Source "ChessBase"]
[SourceQuality "1"]
[TimeControl "5400+30"]

1. e4 e6 2. d4 d5 3. e5 c5 4. c3 Qb6 5. Nf3 Nc6 6. Na3 cxd4 7. cxd4 Bb4+ 8. Bd2 Nge7 9. Nb5 Bxd2+ 10. Qxd2 O-O 11. Bd3 f6 12. O-O fxe5 13. dxe5 a6 14. Nc3 Bd7 15. a3 Rac8 16. Na4 Qa7 17. Nc3 d4 18. Ne4 Rxf3 19. gxf3 Nxe5 20. Kg2 Nxd3 21. Qxd3 Bb5 22. Qd2 Bxf1+ 23. Rxf1 Ng6 24. Qg5 Qb8 25. Kh1 Qf4 26. Qxf4 Nxf4 27. b4 b6 28. Rd1 Rc2 29. h4 e5 30. Rd2 d3 31. Kg1 Kf7 0-1

[Event "Turkish Women-ch Arzum 2022"]
[Site "Ayvalik"]
[Date "2022.03.06"]
[Round "3.24"]
[White "Akar, Nilay"]
[Black "Dal, Nurseda"]
[Result "1-0"]
[ECO "C90"]
[WhiteElo "1516"]
[BlackElo "1116"]
[Annotator "NA"]
[PlyCount "53"]
[EventDate "2022.03.04"]
[EventType "swiss"]
[EventCountry "TUR"]
[SourceTitle "playchess.com"]
[Source "ChessBase"]
[SourceQuality "1"]
[TimeControl "5400+30"]

1. e4 e5 2. Nf3 Nc6 3. Bb5 a6 4. Ba4 Nf6 5. d3 b5 6. Bb3 Be7 7. O-O d6 8. c3 O-O 9. Re1 Na5 10. Bc2 c5 11. Nbd2 Bb7 12. Nf1 h6 13. Ng3 Qd7 14. Nf5 Rfe8 15. N3h4 Kh7 16. Re3 g6 17. Nxe7 Qxe7 18. Rh3 Bc8 19. Nf5 gxf5 20. Rxh6+ Kg7 21. Bg5 Qd7 22. Rxf6 Rh8 23. h4 f4 24. d4 Nc6 25. dxe5 dxe5 26. Rd6 Qc7 27. Bf6+ 1-0

[Event "Turkish Women-ch Arzum 2022"]
[Site "Ayvalik"]
[Date "2022.03.06"]
[Round "3.25"]
[White "Topal, Berfin"]
[Black "Keskinler, Ela"]
[Result "0-1"]
[ECO "D13"]
[WhiteElo "1322"]
[BlackElo "1400"]
[Annotator "NA"]
[PlyCount "108"]
[EventDate "2022.03.04"]
[EventType "swiss"]
[EventCountry "TUR"]
[SourceTitle "playchess.com"]
[Source "ChessBase"]
[SourceQuality "1"]
[TimeControl "5400+30"]

1. d4 d5 2. Nf3 Nf6 3. e3 c5 4. c3 cxd4 5. cxd4 Nc6 6. Bd3 g6 7. O-O Bg7 8. a3 O-O 9. Nbd2 Re8 10. b3 Nd7 11. Bb2 e5 12. dxe5 Ndxe5 13. Nxe5 Nxe5 14. Be2 Be6 15. Bd4 Qd6 16. Nf3 f6 17. h3 Rad8 18. Qc2 b6 19. Rfd1 Rc8 20. Qb2 Rc7 21. Rac1 Rec8 22. Rxc7 Rxc7 23. e4 Rd7 24. Bc3 Qc7 25. Nd4 Bf7 26. Nb5 Qb7 27. f4 Nc6 28. exd5 Bxd5 29. Bxf6 Bxf6 30. Qxf6 Bxb3 31. Rc1 Bd5 32. Bg4 Rf7 33. Be6 Bxe6 34. Qxe6 Nd8 35. Rc8 Qd7 36. Qxd7 Rxd7 37. Nxa7 Rxa7 38. Rxd8+ Kg7 39. Rd3 b5 40. Kf2 Kf6 41. g3 Ke6 42. Ke3 Ra4 43. Kd2 Kf5 44. Rb3 Ke4 45. Kc2 Kd4 46. Kb2 Kc5 47. Rc3+ Kd4 48. Rb3 Kc5 49. Kc3 Rxa3 50. Rxa3 b4+ 51. Kb3 bxa3 52. g4 Kd4 53. h4 Ke4 54. f5 gxf5 0-1

[Event "Turkish Women-ch Arzum 2022"]
[Site "Ayvalik"]
[Date "2022.03.06"]
[Round "3.26"]
[White "Zengin, Ovgu"]
[Black "Sahin, Cagla Yudum"]
[Result "1-0"]
[ECO "C54"]
[WhiteElo "1475"]
[BlackElo "1162"]
[Annotator "NA"]
[PlyCount "75"]
[EventDate "2022.03.04"]
[EventType "swiss"]
[EventCountry "TUR"]
[SourceTitle "playchess.com"]
[Source "ChessBase"]
[SourceQuality "1"]
[TimeControl "5400+30"]

1. e4 e5 2. Nf3 Nc6 3. Bc4 Bc5 4. c3 Nf6 5. d3 d6 6. O-O Bg4 7. Nbd2 O-O 8. h3 Be6 9. Bxe6 fxe6 10. b4 Bb6 11. Nc4 Nd7 12. a4 d5 13. exd5 exd5 14. Ne3 e4 15. dxe4 dxe4 16. Qd5+ Kh8 17. Qxe4 Qf6 18. Nd5 Qf7 19. Nxb6 axb6 20. b5 Rae8 21. Qc2 Nce5 22. Nxe5 Nxe5 23. Ba3 Rg8 24. Rad1 Re6 25. Bc1 Rg6 26. Kh1 Qf6 27. Qe4 c6 28. Bf4 Nf7 29. c4 Ng5 30. Qe3 Qf5 31. Bxg5 Qxg5 32. Qxg5 Rxg5 33. Rd7 cxb5 34. cxb5 g6 35. Rxb7 Ra8 36. Rd1 Rc5 37. Rdd7 Rh5 38. Rxb6 1-0

[Event "Turkish Women-ch Arzum 2022"]
[Site "Ayvalik"]
[Date "2022.03.06"]
[Round "3.27"]
[White "Engin, Cagla"]
[Black "Guleryuz, Zeynep"]
[Result "1-0"]
[ECO "B24"]
[WhiteElo "1436"]
[BlackElo "1186"]
[Annotator "NA"]
[PlyCount "49"]
[EventDate "2022.03.04"]
[EventType "swiss"]
[EventCountry "TUR"]
[SourceTitle "playchess.com"]
[Source "ChessBase"]
[SourceQuality "1"]
[TimeControl "5400+30"]

1. e4 c5 2. Nc3 d6 3. g3 Nc6 4. Bg2 Nf6 5. d3 e6 6. Nge2 Be7 7. O-O O-O 8. h3 d5 9. exd5 exd5 10. d4 cxd4 11. Nxd4 Bc5 12. Nb3 Bb6 13. Bg5 d4 14. Nd5 h6 15. Nxf6+ gxf6 16. Bxh6 Re8 17. Qh5 Re5 18. Qh4 f5 19. Bg5 f6 20. Bxf6 Qd6 21. Qh8+ Kf7 22. Qg7+ Ke6 23. Bxc6 bxc6 24. Bxe5 Qxe5 25. Rae1 1-0

[Event "Turkish Women-ch Arzum 2022"]
[Site "Ayvalik"]
[Date "2022.03.06"]
[Round "3.32"]
[White "Susin, Derya Defne"]
[Black "Aksoy, Duru"]
[Result "1-0"]
[ECO "D37"]
[WhiteElo "1285"]
[BlackElo "1223"]
[Annotator "NA"]
[PlyCount "67"]
[EventDate "2022.03.04"]
[EventType "swiss"]
[EventCountry "TUR"]
[SourceTitle "playchess.com"]
[Source "ChessBase"]
[SourceQuality "1"]
[TimeControl "5400+30"]

1. d4 d5 2. c4 e6 3. Nc3 Nf6 4. Nf3 c6 5. Bf4 Be7 6. e3 O-O 7. Rc1 Nbd7 8. c5 b6 9. b4 bxc5 10. bxc5 Qa5 11. Bd3 Ba6 12. O-O Ne4 13. Nxe4 dxe4 14. Bxa6 exf3 15. Bb7 fxg2 16. Kxg2 Rad8 17. Qf3 e5 18. Bg3 Bf6 19. Rfd1 exd4 20. exd4 Qxa2 21. Bd6 Rfe8 22. Bc7 Nf8 23. Bxd8 Rxd8 24. Bxc6 Ng6 25. Kg1 Nh4 26. Qe4 Qb3 27. Rd3 Qb8 28. Re1 h6 29. Qe8+ Kh7 30. Be4+ Ng6 31. Qxf7 Qf4 32. Bxg6+ Kh8 33. Re8+ Rxe8 34. Qxe8# 1-0

[Event "Turkish Women-ch Arzum 2022"]
[Site "Ayvalik"]
[Date "2022.03.06"]
[Round "3.34"]
[White "Ozturk, Busra"]
[Black "Yazici, Zumral"]
[Result "0-1"]
[ECO "C50"]
[WhiteElo "1100"]
[BlackElo "1229"]
[Annotator "NA"]
[PlyCount "78"]
[EventDate "2022.03.04"]
[EventType "swiss"]
[EventCountry "TUR"]
[SourceTitle "playchess.com"]
[Source "ChessBase"]
[SourceQuality "1"]
[TimeControl "5400+30"]

1. e4 e5 2. Nf3 Nc6 3. Bc4 Bc5 4. O-O Nf6 5. Re1 d6 6. h3 a6 7. a3 O-O 8. c3 h6 9. d4 Ba7 10. b4 exd4 11. cxd4 d5 12. exd5 Nxd5 13. Bb2 Bf5 14. Qb3 Nce7 15. Nc3 Nxc3 16. Qxc3 Nd5 17. Bxd5 Qxd5 18. Re5 Qd7 19. d5 f6 20. Re2 Qxd5 21. Rae1 c6 22. Nd4 Bd7 23. Ne6 Bxe6 24. Rxe6 Rf7 25. Qg3 Qf5 26. Bc1 Kf8 27. Qd6+ Kg8 28. Qg3 Kh7 29. Qh4 Bb6 30. g4 Qf3 31. g5 fxg5 32. Qe4+ Qxe4 33. R1xe4 Rxf2 34. Kh1 Rf1+ 35. Kg2 Rxc1 36. Re7 Rc2+ 37. Kf1 Rf8+ 38. Ke1 Rff2 39. Rxb7 Rc1# 0-1

[Event "Turkish Women-ch Arzum 2022"]
[Site "Ayvalik"]
[Date "2022.03.06"]
[Round "3.35"]
[White "Kum, Busra"]
[Black "Bodur, Ilke Lal"]
[Result "0-1"]
[ECO "C77"]
[WhiteElo "1062"]
[BlackElo "1151"]
[Annotator "NA"]
[PlyCount "122"]
[EventDate "2022.03.04"]
[EventType "swiss"]
[EventCountry "TUR"]
[SourceTitle "playchess.com"]
[Source "ChessBase"]
[SourceQuality "1"]
[TimeControl "5400+30"]

1. e4 e5 2. Nf3 Nc6 3. Bb5 a6 4. Ba4 Nf6 5. c3 b5 6. Bc2 d6 7. h3 Bb7 8. d4 exd4 9. cxd4 Be7 10. Nbd2 O-O 11. O-O Re8 12. Re1 Bf8 13. b3 d5 14. e5 Nd7 15. Nf1 Bb4 16. Qd3 Nf8 17. Re3 Be7 18. Qf5 Bc8 19. Qf4 Ne6 20. Qh2 Ncxd4 21. Nxd4 Nxd4 22. Bd3 Bf5 23. Bxf5 Nxf5 24. Rd3 Bc5 25. Qf4 Ne7 26. Rf3 Rf8 27. Bb2 Ng6 28. Qg4 Qe7 29. Re1 Qe6 30. Qg5 Be7 31. Qc1 Rac8 32. Ng3 Nh4 33. Rd3 c5 34. f4 Qg6 35. Qe3 d4 36. Qe4 Qxe4 37. Nxe4 Nf5 38. g4 Ne3 39. f5 Bh4 40. Re2 Nd5 41. Rf3 h6 42. Nd6 Rcd8 43. Nb7 Rc8 44. f6 gxf6 45. exf6 Bxf6 46. Ref2 c4 47. bxc4 bxc4 48. Nd6 Rc6 49. Ne4 Bg7 50. g5 hxg5 51. Nxg5 Rg6 52. Rg2 c3 53. Ba3 c2 54. Rf1 Ne3 55. Bxf8 Nxf1 56. Ba3 Bh6 57. Ne4 Rxg2+ 58. Kxg2 Ne3+ 59. Kf2 Nc4 60. Bc1 Bxc1 61. Ng3 Be3+ 0-1

[Event "Turkish Women-ch Arzum 2022"]
[Site "Ayvalik"]
[Date "2022.03.07"]
[Round "4.2"]
[White "Buyuk, Ecrin Efsa"]
[Black "Catal, Uktenur"]
[Result "1/2-1/2"]
[ECO "B40"]
[WhiteElo "1565"]
[BlackElo "1832"]
[Annotator "NA RC"]
[PlyCount "66"]
[EventDate "2022.03.04"]
[EventType "swiss"]
[EventCountry "TUR"]
[SourceTitle "playchess.com"]
[Source "ChessBase"]
[SourceQuality "1"]
[TimeControl "5400+30"]

1. e4 c5 2. Nf3 e6 3. g3 Nc6 4. Bg2 Nf6 5. Qe2 e5 6. O-O d6 7. h3 Be7 8. c3 O-O 9. Rd1 Qc7 10. Na3 (10. d4 $1 $14) 10... Re8 (10... Be6 $11) 11. d4 a6 (11... exd4 $11 {is superior.} 12. cxd4 Bf8) 12. dxc5 dxc5 13. Bg5 Be6 14. Bxf6 Bxf6 15. Nc2 Rad8 16. Ne3 Rxd1+ 17. Rxd1 Qa5 18. a3 h6 19. Nd5 $14 Bd8 20. Ne1 Ne7 21. Nd3 Nxd5 22. exd5 Bd7 23. d6 Qb6 24. Nxe5 Ba4 25. Re1 Qxd6 26. Qc4 Rxe5 27. Rxe5 Qxe5 28. Qxa4 Qe1+ 29. Kh2 Qe7 30. c4 Kh7 31. Qb3 b6 32. Qd3+ g6 33. Bd5 Kg7 1/2-1/2

[Event "Turkish Women-ch Arzum 2022"]
[Site "Ayvalik"]
[Date "2022.03.07"]
[Round "4.4"]
[White "Kocyigit, Buse Naz"]
[Black "Can, Isil"]
[Result "1-0"]
[ECO "A95"]
[WhiteElo "2023"]
[BlackElo "1875"]
[Annotator "RC"]
[PlyCount "61"]
[EventDate "2022.03.04"]
[EventType "swiss"]
[EventCountry "TUR"]
[SourceTitle "playchess.com"]
[Source "ChessBase"]
[SourceQuality "1"]
[TimeControl "5400+30"]

1. Nf3 d5 2. d4 Nf6 3. c4 e6 4. Qc2 Nbd7 5. g3 c6 6. Bg2 Ne4 7. O-O Be7 8. Nc3 f5 9. Bf4 O-O 10. Ne5 Nxe5 11. Bxe5 Bf6 12. Bxf6 Qxf6 13. e3 b6 14. Rfd1 Bb7 15. b4 a5 16. Na4 Qd8 17. c5 b5 18. Nb6 Ra6 19. a4 axb4 20. axb5 Rxa1 21. Rxa1 cxb5 22. Qb3 Bc6 23. Qxb4 Qe7 24. Bf1 Rb8 25. Ra6 Qe8 26. Ra5 Nd6 27. cxd6 Rxb6 28. Ra7 Bd7 29. Qa5 Rb8 30. Qc7 Rd8 31. Bxb5 1-0

[Event "Turkish Women-ch Arzum 2022"]
[Site "Ayvalik"]
[Date "2022.03.07"]
[Round "4.6"]
[White "Incecik, Seyma Zeynep"]
[Black "Ince, Safiye Oyku"]
[Result "0-1"]
[ECO "B84"]
[WhiteElo "1777"]
[BlackElo "1893"]
[Annotator "NA RC"]
[PlyCount "66"]
[EventDate "2022.03.04"]
[EventType "swiss"]
[EventCountry "TUR"]
[SourceTitle "playchess.com"]
[Source "ChessBase"]
[SourceQuality "1"]
[TimeControl "5400+30"]

1. e4 c5 2. Nf3 e6 3. d4 cxd4 4. Nxd4 Nc6 5. Nc3 Qc7 6. Be3 a6 (6... Nf6 $11 {should be considered.}) 7. Be2 Nf6 8. O-O d6 9. f4 Nxd4 10. Bxd4 e5 11. Be3 exf4 (11... Be7 $11) 12. Rxf4 Be6 13. Nd5 Bxd5 14. exd5 Be7 15. c4 (15. Bd4 $14) 15... O-O 16. Bd3 Nd7 17. Qh5 g6 18. Qh6 Ne5 19. Bd4 f5 20. Raf1 Bf6 21. Bb1 Qxc4 22. g4 Nxg4 23. Bxf6 {[%emt 0:03:06] [#]} Qxf1+ $1 24. Rxf1 Nxh6 25. Be7 Nf7 26. Bxf8 Kxf8 $19 27. Kf2 Rc8 28. h4 Rc4 29. Kg3 Ne5 30. Rd1 Rg4+ 31. Kh3 f4 32. Rd4 Rg3+ 33. Kh2 Nf3+ 0-1

[Event "Turkish Women-ch Arzum 2022"]
[Site "Ayvalik"]
[Date "2022.03.07"]
[Round "4.9"]
[White "Onur, Cigdem"]
[Black "Salt, Ilayda"]
[Result "1-0"]
[ECO "B52"]
[WhiteElo "2012"]
[BlackElo "1594"]
[Annotator "NA RC"]
[PlyCount "119"]
[EventDate "2022.03.04"]
[EventType "swiss"]
[EventCountry "TUR"]
[SourceTitle "playchess.com"]
[Source "ChessBase"]
[SourceQuality "1"]
[TimeControl "5400+30"]

1. e4 c5 2. Nf3 d6 3. Bb5+ Bd7 4. Bxd7+ Qxd7 5. O-O Nc6 6. c3 Nf6 7. Re1 g6 8. d4 cxd4 9. cxd4 Bg7 10. Nc3 O-O 11. h3 {[%emt 0:12:30] 11.h3 scores better than 11.Bg5.} Rfd8 12. Bg5 h6 13. Bh4 {[%emt 0:07:30] [#]} g5 $146 ({Predecessor:} 13... Nh5 14. Nd5 g5 15. Nxg5 hxg5 16. Bxg5 Nf6 17. Bxf6 Bxf6 18. Re3 Bg7 19. Rg3 Kf8 {1-0 (28) Sanguinetti,L (2202)-Ramos Correa,G (1772) Montevideo 2017}) 14. Bg3 e6 15. Qd2 Ne7 16. e5 dxe5 17. Bxe5 Ng6 18. Rad1 Rac8 19. h4 gxh4 (19... g4 $11 20. Bxf6 Bxf6) 20. Bxf6 Bxf6 21. Qxh6 Qe7 22. Re4 Qf8 23. Qh5 Qg7 24. Rg4 Qh7 (24... Qh8 $14 25. Qb5 b6) 25. Ne4 Be7 $1 26. Qxh7+ (26. Qe5 $5 ) 26... Kxh7 27. Neg5+ $1 Kg7 {[%emt 0:01:06] [#]} 28. Nxe6+ $1 fxe6 29. Ne5 Kh7 30. Nxg6 Bf6 31. Nxh4 Rc2 32. Rd3 Rd5 33. Nf5 Rc1+ 34. Kh2 Be5+ 35. Ng3 Bd6 36. f4 Rc4 37. Ne4 Rh5+ 38. Kg3 Be7 39. Ng5+ Bxg5 40. Rxg5 Rxg5+ 41. fxg5 Kg6 42. d5 exd5 43. Rxd5 Rc2 44. Rb5 b6 45. a4 Rd2 46. Kf3 Rd6 47. Ke4 Rd2 48. g3 Kh5 49. Kf5 Rf2+ 50. Ke6 Rd2 51. Kf7 Rd7+ $18 52. Ke6 Rd2 53. b4 Rd4 54. Ke5 Rd2 55. Rd5 Ra2 56. Kf6 Rf2+ 57. Rf5 Rb2 58. g6+ Kh6 59. g7 Kh7 60. Rh5+ 1-0